 Dungeon Crawl Stone Soup version 0.17-a0-977-g4154171 (webtiles) character file.

2436 namelastname112 the Chopper (level 9, 0/75 HPs)
             Began as a Grey Draconian Air Elementalist on May 10, 2015.
             Was a Believer of Okawaru.
             Slain by an eight-headed hydra (16 damage)
             ... on level 7 of the Dungeon.
             The game lasted 00:18:27 (8776 turns).

namelastname112 the Chopper (DrAE)                  Turns: 8776, Time: 00:18:27

Health: 0/75       AC: 13    Str: 11    XL:     9   Next: 25%
Magic:  15/15      EV: 14    Int: 18    God:    Okawaru [**....]
Gold:   288        SH:  0    Dex: 12    Spells: 1 memorised, 15 levels left

rFire  . . .     SeeInvis .     P - +2 dagger (elec)
rCold  . . .     Clarity  .     (armour unavailable)
rNeg   + . .     SustAb   .     (no shield)
rPois  .         Gourm    .     B - +1 hat
rElec  .         Spirit   .     (no cloak)
rCorr  .         Warding  +     (no gloves)
rMut   .         Stasis   .     (no boots)
MR     +....                    N - amulet of warding
Stlth  ++........               y - ring of protection from magic
                                G - ring of wizardry

@: somewhat resistant to hostile enchantments, unstealthy
A: walk through water, unfitting armour, unbreathing, cold-blooded, AC +12
a: Heroism, Renounce Religion


You were on level 7 of the Dungeon.
You worshipped Okawaru.
Okawaru was pleased with you.
You were not hungry.

You visited 2 branches of the dungeon, and saw 9 of its levels.
You also visited: Sewer.

You collected 288 gold pieces.

Inventory:

Hand weapons
 s - a +1 dagger of draining
 D - a +0 war axe
 P - a +2 dagger of electrocution (weapon)
Armour
 B - a +1 hat (worn)
Jewellery
 t - an uncursed ring of fire
 w - an uncursed ring of fire
 y - a ring of protection from magic (right hand)
 G - a ring of wizardry (left hand)
 N - an amulet of warding (around neck)
Magical devices
 u - a wand of frost (33)
 x - a wand of paralysis (20)
 F - a wand of fireball (2)
 H - a wand of flame (41)
Scrolls
 g - a scroll of enchant weapon {unknown}
 h - 7 scrolls of identify {unknown}
 j - 2 scrolls of teleportation {unknown}
 l - 2 scrolls of amnesia {unknown}
 m - 2 scrolls of remove curse {unknown}
 o - a scroll of recharging {unknown}
 p - 4 scrolls of random uselessness {unknown}
 v - 3 scrolls of fog {unknown}
 A - 3 scrolls of magic mapping {unknown}
 I - a scroll of holy word {unknown}
 J - 2 scrolls of fear {unknown}
 L - a scroll of blinking {unknown}
 O - a scroll of noise {unknown}
Potions
 c - 2 potions of brilliance {unknown}
 d - a potion of agility {unknown}
 e - a potion of mutation {unknown}
 i - 3 potions of curing {unknown}
 k - 5 potions of heal wounds {unknown}
 n - 2 potions of flight {unknown}
 z - 3 potions of might {unknown}
 E - 2 potions of magic {unknown}
 K - 2 potions of haste {unknown}
 M - a potion of lignification {unknown}
Books
 a - a book of Air

   Spells                             Type                      Level
   a - Shock                          Conjuration/Air              1
   b - Swiftness                      Charms/Air                   2
   c - Repel Missiles                 Charms/Air                   2
   d - Flight                         Charms/Air                   3
   e - Static Discharge               Conjuration/Air              3
   f - Lightning Bolt                 Conjuration/Air              5
Comestibles
 b - 5 bread rations
 f - 2 slices of pizza
 q - a beef jerky
 r - 4 meat rations
 C - 3 fruits


   Skills:
 + Level 5.8 Fighting
 * Level 6.0 Axes
 + Level 5.1 Dodging
 - Level 1.7 Stealth
 - Level 4.4 Spellcasting
 - Level 4.5 Conjurations
 - Level 4.3 Air Magic


You had 15 spell levels left.
You knew the following spells:

 Your Spells              Type           Power        Failure   Level  Hunger
z - Shock                 Conj/Air       ###.         1%          1    None


Dungeon Overview and Level Annotations

Branches:
Dungeon (8/15)             Temple (1/1) D:4
   Lair: D:8-11

Altars:
Ashenzari
Cheibriados
Dithmenos
Elyvilon
Gozag
Kikubaaqudgha
Makhleb
Nemelex Xobeh
Okawaru
Ru
Sif Muna
Trog
Vehumet
Xom
Yredelemnul
Zin
The Shining One


Innate Abilities, Weirdness & Mutations

You can walk through water.
Your dull iron-grey scales are very hard (AC +12).
Your body does not fit into most forms of armour.
You can survive without breathing.
You are cold-blooded and may be slowed by cold attacks.


Message History

The eight-headed hydra bites you but does no damage.
The eight-headed hydra bites you. x2
The eight-headed hydra bites you but does no damage.
The eight-headed hydra closely misses you. x2
The eight-headed hydra bites you but does no damage. x2
The white ugly thing claws you. The white ugly thing freezes you!!
You climb upwards.
There is a stone staircase leading down here.
You hear a distant blaring wail to the southwest.
The eight-headed hydra barely misses you.
The eight-headed hydra bites you. The eight-headed hydra bites you!
The eight-headed hydra closely misses you.
The eight-headed hydra bites you but does no damage.
The eight-headed hydra bites you.
The eight-headed hydra bites you but does no damage. x2
The eight-headed hydra misses you. The eight-headed hydra bites you!
* * * LOW HITPOINT WARNING * * *
The eight-headed hydra barely misses you.
The eight-headed hydra bites you!
You die...

####...######.####### ##.##
#.......# ########## ##.#####.#
.........# #...####.# .##......#
#........# .##......# #...#.#..#
.##......# ##.##.#..# .##......#
#....D..# .##.#>..## #.##@#.##
....#...# #......# .####...##
####.### .# #.....#######.# .#
#............<########
.###.....#.##.####......#########
...#.....#.##.# #.####.##......#
##.........##.# #.####.##.####.#
#####..#####.# ##.##.........#.#


You could see an eight-headed hydra.

Vanquished Creatures
  2 hippogriffs (D:7)
  Duvessa (D:5)
  A necrophage (D:7)
  A sky beast (D:5)
  3 ice beasts
  2 ogres
  2 centaurs
  2 giant frogs (D:7)
  Dowan (D:5)
  A crimson imp (D:7)
  5 orc priests
  An iguana (D:4)
  6 hounds
  6 worker ants
  5 orc wizards
  Natasha (thrice) (D:3)
  2 hound zombies
  A hound skeleton (D:7)
  4 gnolls
  A river rat (Sewer)
  16 adders
  A shadow imp (D:8)
  3 oozes
  An adder skeleton (D:6)
  3 adder zombies
  6 worms
  9 giant geckos
  13 orcs
  3 ball pythons
  21 bats
  A bat skeleton (D:5)
  15 goblins
  17 hobgoblins
  5 jackals
  11 kobolds
  3 quokkas
  6 giant cockroaches
  11 giant newts
  19 rats
  A fungus (D:1)
215 creatures vanquished.

Notes
Turn   | Place    | Note
--------------------------------------------------------------
     0 | D:1      | namelastname112, the Draconian Air Elementalist, began the quest for the Orb.
     0 | D:1      | Reached XP level 1. HP: 14/14 MP: 3/3
   223 | D:1      | Reached XP level 2. HP: 20/20 MP: 0/5
   732 | D:1      | Reached XP level 3. HP: 16/26 MP: 4/6
   746 | D:1      | Found a glowing golden altar of the Shining One.
  1355 | D:2      | Reached XP level 4. HP: 30/33 MP: 0/8
  1512 | D:2      | Found a shadowy altar of Dithmenos.
  1522 | D:2      | Found a basalt altar of Yredelemnul.
  2028 | D:3      | Noticed Natasha
  2040 | D:3      | Killed Natasha
  2040 | D:3      | Reached skill level 4 in Air Magic
  2040 | D:3      | Reached XP level 5. HP: 10/38 MP: 0/9
  2285 | D:3      | Found a shattered altar of Ashenzari.
  2414 | D:3      | Noticed Natasha
  2415 | D:3      | Killed Natasha
  2426 | D:3      | Noticed Natasha
  2428 | D:3      | Killed Natasha
  2929 | D:4      | Found a staircase to the Ecumenical Temple.
  3149 | D:4      | Reached XP level 6. HP: 36/45 MP: 0/11
  3768 | D:4      | Found a snail-covered altar of Cheibriados.
  3785 | D:4      | Reached skill level 5 in Air Magic
  4415 | D:5      | Entered Level 5 of the Dungeon
  4468 | D:5      | Your scales start taking on a dull iron-grey colour.
  4468 | D:5      | Gained mutation: You can survive without breathing. [Grey Draconian growth]
  4468 | D:5      | Reached XP level 7. HP: 50/50 MP: 4/13
  4574 | Temple   | Entered the Ecumenical Temple
  4633 | Temple   | Became a worshipper of Warmaster Okawaru
  4821 | D:5      | Reached skill level 1 in Fighting
  5309 | D:5      | Noticed Duvessa
  5309 | D:5      | Noticed Dowan
  5321 | D:5      | Killed Duvessa
  5321 | D:5      | Acquired Okawaru's first power
  5431 | D:5      | Killed Dowan
  6044 | D:6      | Found an ancient bone altar of Kikubaaqudgha.
  6047 | D:6      | Found a deep blue altar of Sif Muna.
  6049 | D:6      | Found a burning altar of Makhleb.
  6054 | D:6      | Reached XP level 8. HP: 64/66 MP: 14/14
  6109 | D:6      | Reached skill level 1 in Axes
  6209 | D:6      | Found a glowing drain.
  6213 | Sewer    | Entered a sewer
  7107 | D:6      | Found a glowing golden altar of the Shining One.
  7107 | D:6      | Found a glowing silver altar of Zin.
  7108 | D:6      | Found a white marble altar of Elyvilon.
  7782 | D:7      | Reached skill level 5 in Fighting
  8139 | D:7      | Reached skill level 5 in Axes
  8139 | D:7      | Reached XP level 9. HP: 62/74 MP: 15/15
  8317 | D:7      | Reached skill level 5 in Dodging
  8505 | D:7      | Found a burning altar of Makhleb.
  8711 | D:8      | Reached skill level 6 in Axes
  8729 | D:8      | Noticed an eight-headed hydra
  8730 | D:8      | Noticed a white ugly thing
  8776 | D:7      | Slain by an eight-headed hydra

Vault maps used:
D:1:      dpeg_cavernosity, serial_glass, glass_columns_b, glass_columns_c,
          serial_park_tiny_pond, kennysheep_crisscross, tso_metal_star
D:2:      overflow_temple_1_default, nicolae_dithmenos_through_a_glass_darkly
D:3:      evilmike_ruin_ashenzari, serial_bayou_lagoon_a,
          minmay_misc_feat_cross, uniq_natasha
D:4:      nicolae_overflow_crystal_walls, minmay_temple_entry_statues_fountains,
          kennysheep_windowed_goal
D:5:      first_bread, uniq_duvessa
D:6:      good_gods_mini_temple, grunt_temple_overflow_open,
          gup_sewer_entry_bowl
D:7:      makhleb_blood_cavern_becter
D:8:      minmay_curly_fans
Temple:   nicolae_temple_great_sept
Sewer:    sewer_co_cracked_pipes

Action                   |  1- 3 |  4- 6 |  7- 9 || total
-------------------------+-------+-------+-------++-------
Melee: Unarmed           |     5 |       |       ||     5
       Dagger            |    69 |    58 |   512 ||   639
 Cast: Shock             |    71 |   187 |    51 ||   309
 Stab: Sleeping          |       |       |     2 ||     2
  Eat: Chunk             |     2 |    10 |    14 ||    26
